 Dungeon Crawl Stone Soup version 0.31-a0-925-g0a390f2509 (webtiles) character file.

Game seed: 281599290658880750

1 pokeman the Magician (level 1, -3/10 HPs)
             Began as a Deep Elf Hedge Wizard on Oct 18, 2023.
             Slain by a quokka (5 damage)
             ... on level 1 of the Dungeon.
             The game lasted 00:00:13 (39 turns).

pokeman the Magician (Deep Elf Hedge Wizard)          Turns: 39, Time: 00:00:13

Health: -3/10      AC:  2    Str:  7    XL:     1   Next: 16%
Magic:  5/7        EV: 12    Int: 18    God:
Gold:   0          SH:  0    Dex: 14    Spells: 7/8 levels left

rFire   . . .        a - +0 dagger
rCold   . . .        (no shield)
rNeg    . . .        b - +0 robe
rPois   .            c - +0 hat
rElec   .            (no cloak)
rCorr   .            (no gloves)
SInv    .            (no boots)
Will    .....        (no amulet)
Stlth   ++           (no ring)
HPRegen 0.21/turn    (no ring)
MPRegen 0.10/turn

%: no passive effects
@: no status effects
A: no striking features
a: no special abilities


You were on level 1 of the Dungeon.
You visited 1 branch of the dungeon, and saw 1 of its levels.

Inventory:

Hand Weapons
 a - a +0 dagger (weapon)
Armour
 b - a +0 robe (worn)
 c - a +0 hat (worn)
Potions
 d - a potion of magic


   Skills:
 + Level 0.0 Fighting
 + Level 0.0 Armour
 - Level 2.4 Dodging
 - Level 2.4 Stealth
 * Level 4.4 Spellcasting
 + Level 1.1 Conjurations
 - Level 1.1 Summonings
 - Level 1.1 Translocations


You had 7 spell levels left.
You knew the following spells:

 Your Spells              Type           Power      Damage    Failure   Level
a - Magic Dart            Conj           32%        1d4       9%          1

Your spell library contained the following spells:

 Spells                   Type           Power      Damage    Failure   Level
 Slow                     Hex            12%        N/A       14%         1
 Blink                    Tloc           14%        N/A       14%         2
 Call Imp                 Summ           14%        N/A       14%         2
 Cigotuvi's Dreadful Rot  Necr/Pois/Air  6%         N/A       22%         2
 Mephitic Cloud           Conj/Pois/Air  5%         N/A       36%         3


Dungeon Overview and Level Annotations

Branches:
Dungeon (1/15)

Altars:


Message History

Aim: a bat (100% to hit)
The magic dart hits the bat.
The bat is moderately wounded.
The bat closely misses you.
Unknown command.
You hit the bat but do no damage.
The bat is moderately wounded.
The bat closely misses you.
Casting: Magic Dart (safe; 9% risk of failure)
Confirm with . or Enter, or press ? or * to list all spells.
Aiming: Magic Dart (safe; 9% risk of failure)
Press: ? - help, Shift-Dir - straight line, f/p - bat
Aim: a bat (moderately wounded, 100% to hit)
Okay, then.
Unknown command.
The bat barely misses you.
Your magical contamination has completely faded away.
The bat hits you but does no damage. The gnoll attacks as it pursues you!
The gnoll hits you from afar with a +0 spear.
The bat barely misses you. The bat barely misses you. x2
The bat closely misses you. The bat misses you. The bat barely misses you.
The gnoll attacks as it pursues you!
The gnoll hits you from afar with a +0 spear.
Ouch! That really hurt!
* * * LOW HITPOINT WARNING * * *
The bat barely misses you. The bat hits you.
* * * LOW HITPOINT WARNING * * *
The gnoll attacks as it pursues you! The gnoll completely misses you.
The quokka twitches its whiskers.
The bat barely misses you. The quokka attacks as it pursues you!
The quokka bites you but does no damage.
The bat barely misses you. The quokka attacks as it pursues you!
The quokka bites you.
Ouch! That really hurt!
You die...

≈~~..............###
≈~~~.....[.......#
≈~~~~...........##
≈≈~~..8.8.....r.#
≈≈~~~~..........#
≈≈~~~~.<......g##
≈≈≈~...~....b..#
≈≈≈~≈~.~~.....r##
≈≈≈≈≈~~..~~8..@.#
≈≈≈≈≈≈~.~~~~~~~.#
≈≈≈≈≈≈≈~~~~..~.~#
≈≈≈≈≈≈≈≈~≈≈~~~≈~#
≈≈≈≈≈≈≈≈≈≈≈≈≈≈≈≈#
##########


You could see a gnoll, a quokka, a bat and a rat.

Vanquished Creatures
  A hobgoblin (D:1)
1 creature vanquished.

Notes
Turn   | Place    | Note
-------+----------+-------------------------------------------
     0 | D:1      | pokeman the Deep Elf Hedge Wizard began the quest for the
                  | Orb.
     0 | D:1      | Reached XP level 1. HP: 10/10 MP: 7/7
    39 | D:1      | Slain by a quokka

Illustrated notes

Levels and vault maps discovered:
D:1:      nicolae_arrival_washed_ashore, layout_rooms, minmay_misc_feat_tiny,
          minmay_misc_feat_secret_circle, nicolae_figureground_sparkle

Action                     || total
---------------------------++-------
  Melee: Dagger            ||     1
   Cast: Magic Dart        ||     3
 Armour: Robe              ||     6
  Dodge: Dodged            ||    15

Table legend: (Time is in decaauts)
 A = Elapsed time spent in this place.
 B = Non-inter-level travel time spent in this place.
 C = Inter-level travel time spent in this place.
 D = Time resting spent in this place.
 E = Time spent auto-exploring this place.
 F = Levels seen in this place.
 G = Mean time per level.
                   A        B        C        D        E       F      G
               +--------+--------+--------+--------+--------+-----+--------+
         Total |     39 |     39 |      0 |      0 |     15 |   1 |   39.0 |
       Dungeon |     39 |     39 |      0 |      0 |     15 |   1 |   39.0 |
               +--------+--------+--------+--------+--------+-----+--------+

Top non-repeatable levels by time:
     D:1: 39 daAuts
